[Event "Titled Tuesday Blitz August 3 2021"]
[White "Gunina, Valentina"]
[Black "Devaev, Alexander"]
[WhiteFideId "4167570"]
[BlackFideId "4169395"]
[WhiteElo "2399"]
[BlackElo "2185"]
[Result "1-0"]
[Round "01"]
[TimeControl "180+1"]
[Date "2021.08.03"]
[WhiteClock "0:01:18"]
[BlackClock "0:00:29"]

1. d4 Nf6 2. c4 e6 3. Nf3 Bb4+ 4. Bd2 Qe7 5. g3 b6 6. Bg2 Bb7 7. O-O Bxd2 8. Qxd2 O-O 9. Qd3 d5 10. cxd5 exd5 11. Nc3 Nbd7 12. Rac1 a6 13. Rfe1 Rfe8 14. Nh4 g6 15. Nf3 Rac8 16. Nd2 c5 17. e4 c4 18. Qe3 dxe4 19. Ndxe4 Nxe4 20. Bxe4 Bxe4 21. Qxe4 Qxe4 22. Nxe4 b5 23. Kg2 Kg7 24. Kf3 Ne5+ 25. dxe5 Rxe5 26. Nc3 Rf5+ 27. Kg2 Rd8 28. Rcd1 Rc8 29. Ne4 Rc7 30. Nd6 Kf8 31. Nxf5 1-0


[Site "https://www.chess.com"]

[Event "Titled Tuesday Blitz August 3 2021"]
[White "Hansen, Eric"]
[Black "Palchuk, Andrii"]
[WhiteFideId "2606771"]
[BlackFideId "14176688"]
[WhiteElo "2568"]
[BlackElo "2284"]
[Result "1-0"]
[Round "01"]
[TimeControl "180+1"]
[Date "2021.08.03"]
[WhiteClock "0:00:24"]
[BlackClock "0:00:06"]

1. Nf3 Nf6 2. b3 g6 3. Bb2 Bg7 4. c4 O-O 5. g3 c6 6. Bg2 d5 7. O-O Bf5 8. d3 Re8 9. Nbd2 Qc8 10. Re1 Bh3 11. Bh1 h6 12. Qc2 Nbd7 13. Rac1 e5 14. cxd5 Nxd5 15. a3 Qd8 16. Nc4 Qe7 17. e4 N5b6 18. Na5 Rab8 19. b4 Nf8 20. d4 exd4 21. Bxd4 Ne6 22. Bxg7 Kxg7 23. Qc3+ Qf6 24. Qxf6+ Kxf6 25. Bg2 Bxg2 26. Kxg2 Red8 27. Red1 Rxd1 28. Rxd1 Rd8 29. Rd2 Rxd2 30. Nxd2 Nd8 31. f4 Ke6 32. Kf2 Nd7 33. Ke3 b6 34. Nab3 Kd6 35. Nc4+ Kc7 36. e5 Ne6 37. Nd6 f6 38. Ne8+ Kd8 39. Nxf6 Nxf6 40. exf6 Ke8 41. Ke4 Kf7 42. Ke5 Nc7 43. g4 Nb5 44. g5 hxg5 45. fxg5 Nxa3 46. Nd4 Nc4+ 47. Ke4 Nd6+ 48. Kf4 c5 49. bxc5 bxc5 50. Nc6 a6 51. Ne5+ Kg8 52. Nxg6 c4 53. Ne5 c3 54. g6 c2 55. Nd3 Nc4 56. h4 Nb2 57. Nc1 a5 58. h5 a4 59. h6 a3 60. f7+ Kf8 61. h7 Kg7 62. h8=Q+ Kxg6 63. f8=Q Nd3+ 64. Nxd3 c1=Q+ 65. Nxc1 a2 66. Qf5# 1-0


[Site "https://www.chess.com"]

[Event "Titled Tuesday Blitz August 3 2021"]
[White "He, Anthony"]
[Black "Miszler, Levente"]
[WhiteFideId "2088215"]
[BlackFideId "763276"]
[WhiteElo "2353"]
[BlackElo "1967"]
[Result "1-0"]
[Round "01"]
[TimeControl "180+1"]
[Date "2021.08.03"]
[WhiteClock "0:00:08"]
[BlackClock "0:00:01"]

1. e4 e6 2. d4 d5 3. exd5 exd5 4. Nf3 Nf6 5. Bd3 Bd6 6. O-O O-O 7. c4 dxc4 8. Bxc4 Bg4 9. h3 Bh5 10. Nc3 Nc6 11. Be3 a6 12. Be2 Re8 13. Rc1 Ne7 14. Bg5 Nd7 15. Ne4 f6 16. Nxd6 cxd6 17. Bf4 Qb6 18. Qd2 Nf8 19. Bh2 Nd5 20. Bc4 Bf7 21. a3 Rac8 22. Qd3 Rxc4 23. Rxc4 Ng6 24. Qd2 Ne3 25. fxe3 Bxc4 26. Rc1 Bd5 27. Bg3 Be4 28. Qb4 Qxb4 29. axb4 d5 30. Kf2 Ne7 31. Nd2 Nf5 32. Bh2 Bd3 33. g4 Nd6 34. Bxd6 Re6 35. Bg3 Kf7 36. Rc7+ Kg6 37. Rxb7 Rc6 38. Rc7 Rb6 39. h4 Rxb4 40. h5+ Kh6 41. Bf4+ g5 42. hxg6+ Kxg6 43. Nf3 Rxb2+ 44. Kg3 Be2 45. Nh4# 1-0


[Site "https://www.chess.com"]

[Event "Titled Tuesday Blitz August 3 2021"]
[White "Ibrahimli, Murad"]
[Black "Chen, Max"]
[WhiteFideId "13410229"]
[BlackFideId "2622440"]
[WhiteElo "2109"]
[BlackElo "2422"]
[Result "1-0"]
[Round "01"]
[TimeControl "180+1"]
[Date "2021.08.03"]
[WhiteClock "0:01:16"]
[BlackClock "0:00:22"]

1. d4 Nf6 2. c4 g6 3. Nc3 d5 4. cxd5 Nxd5 5. e4 Nxc3 6. bxc3 Bg7 7. Bc4 O-O 8. Ne2 c5 9. O-O Nc6 10. Be3 Qc7 11. Rc1 Rd8 12. Bf4 Be5 13. Bg3 Bxg3 14. fxg3 e6 15. Qd2 cxd4 16. cxd4 Qb6 17. Rb1 Qa5 18. Qf4 Rf8 19. Kh1 b6 20. d5 Ba6 21. Bxa6 Qxa6 22. Nc3 exd5 23. exd5 Na5 24. Ne4 Rad8 25. Nf6+ Kg7 26. Qh4 h6 27. Qd4 g5 28. Ne8+ Kg6 29. Qg7+ Kh5 30. Nf6# 1-0


[Site "https://www.chess.com"]

[Event "Titled Tuesday Blitz August 3 2021"]
[White "Ilyasli, Ughur"]
[Black "Svane, Rasmus"]
[WhiteFideId "13416197"]
[BlackFideId "4657101"]
[WhiteElo "2051"]
[BlackElo "2669"]
[Result "1/2-1/2"]
[Round "01"]
[TimeControl "180+1"]
[Date "2021.08.03"]
[WhiteClock "0:00:05"]
[BlackClock "0:00:07"]

1. e4 c6 2. Ne2 d5 3. e5 d4 4. Nf4 c5 5. e6 Bxe6 6. Nxe6 fxe6 7. f4 Qd5 8. Be2 Nc6 9. Bf3 Qd6 10. O-O Nf6 11. Na3 g6 12. Nc4 Qd7 13. Qe2 Bh6 14. d3 O-O 15. Bd2 Nd5 16. g3 b5 17. Ne5 Nxe5 18. Qxe5 Bg7 19. Qe4 b4 20. Rae1 Ne3 21. Bxe3 dxe3 22. Kg2 Bd4 23. c3 bxc3 24. bxc3 Bxc3 25. Rxe3 Rab8 26. Qxe6+ Qxe6 27. Rxe6 Rb2+ 28. Rf2 Rxf2+ 29. Kxf2 Kf7 30. Ra6 Rb8 31. Rxa7 Bd4+ 32. Ke2 Rb2+ 33. Kd1 Rxh2 34. a4 Be3 35. Bd5+ Kf8 36. Bc4 Rd2+ 37. Ke1 Rg2 38. a5 Rxg3 39. a6 Rg1+ 40. Ke2 Bxf4 41. Ra8+ Kg7 42. a7 Ra1 43. Rg8+ Kf6 44. a8=Q Rxa8 45. Rxa8 h5 46. Kf3 Bd6 47. Rg8 g5 48. Rf8+ Ke5 49. Bf7 h4 50. Bh5 Kd4 51. Bg6 h3 52. Rh8 h2 53. Kg4 Bf4 54. Rd8+ Ke3 55. Rh8 e5 56. Rh3+ Kd4 57. Bf5 e4 58. dxe4 c4 59. e5 Kxe5 60. Bc2 Kd4 61. Bf5 c3 62. Bc2 Kc4 63. Rh5 Kb4 64. Rh3 Kc4 65. Rh5 Kb5 66. Rh7 Kb4 67. Rb7+ Kc5 68. Rh7 Kd4 69. Rh3 Be3 70. Kf3 Bf4 71. Kg4 1/2-1/2


[Site "https://www.chess.com"]

[Event "Titled Tuesday Blitz August 3 2021"]
[White "Ivanisevic, Ivan"]
[Black "Rodchenkov, Sergey D."]
[WhiteFideId "912417"]
[BlackFideId "4168712"]
[WhiteElo "2499"]
[BlackElo "2306"]
[Result "1-0"]
[Round "01"]
[TimeControl "180+1"]
[Date "2021.08.03"]
[WhiteClock "0:01:15"]
[BlackClock "0:00:35"]

1. d4 Nf6 2. c4 e6 3. Nc3 Bb4 4. g3 O-O 5. Bg2 c5 6. Nf3 cxd4 7. Nxd4 Nc6 8. O-O d5 9. cxd5 exd5 10. Bg5 h6 11. Nxd5 hxg5 12. Nxc6 bxc6 13. Nxb4 Qb6 14. Nxc6 Bb7 15. Qd4 Rfe8 16. e3 Rac8 17. Qxb6 axb6 18. Nd4 Bxg2 19. Kxg2 g4 20. h3 gxh3+ 21. Kxh3 g5 22. Kg2 g4 23. Rh1 Rc5 24. a3 Kg7 25. b4 Rd5 26. Rac1 Ra8 27. Rc7 Kg6 28. Ne2 Rd2 29. Nf4+ Kg7 30. Nh5+ Nxh5 31. Rxh5 Kg6 32. Rb5 Rxa3 33. Rxb6+ f6 34. Rcc6 Rxe3 35. Rxf6+ Kg7 36. Rf4 Rb3 37. Rxg4+ Kf7 38. Rf4+ Ke7 39. Rc6 Rdb2 40. Rcc4 1-0


[Site "https://www.chess.com"]

[Event "Titled Tuesday Blitz August 3 2021"]
[White "Jacobson, Brandon"]
[Black "Kotepalli, Sai Nirupama"]
[WhiteFideId "30901561"]
[BlackFideId "5039444"]
[WhiteElo "2362"]
[BlackElo "2454"]
[Result "1-0"]
[Round "01"]
[TimeControl "180+1"]
[Date "2021.08.03"]
[WhiteClock "0:01:37"]
[BlackClock "0:00:35"]

1. d4 g6 2. c4 Bg7 3. e4 d6 4. Nc3 Nf6 5. Nf3 O-O 6. Be2 a6 7. O-O b5 8. e5 dxe5 9. dxe5 Qxd1 10. Rxd1 Nfd7 11. e6 fxe6 12. cxb5 axb5 13. Nxb5 Ba6 14. Bf1 Bxb5 15. Bxb5 Nb6 16. Ng5 c6 17. Bf1 Rf6 18. Rd8+ Bf8 19. Be3 N8d7 20. Rxa8 Nxa8 21. Rc1 e5 22. Bc4+ Kh8 23. Ne6 Nab6 24. Bb3 Nd5 25. Nxf8 Nxf8 26. Bc5 Rf7 27. Ba4 Rf6 28. g3 Kg7 29. Ba3 Ne6 30. Rxc6 Nd4 31. Rxf6 exf6 32. Bc5 Ne6 33. Ba7 Ndc7 34. b4 Kf7 35. b5 Ke7 36. b6 Na6 37. Bb5 Nac5 38. a4 Kd6 39. a5 Nd8 40. a6 f5 41. Bb8+ Kd5 42. a7 1-0


[Site "https://www.chess.com"]

[Event "Titled Tuesday Blitz August 3 2021"]
[White "Jain, Naveen"]
[Black "Aitbayev, Aslan"]
[WhiteFideId "5003970"]
[BlackFideId "13704613"]
[WhiteElo "2036"]
[BlackElo "2417"]
[Result "0-1"]
[Round "01"]
[TimeControl "180+1"]
[Date "2021.08.03"]
[WhiteClock "0:01:49"]
[BlackClock "0:01:59"]

1. c4 g6 2. g3 Bg7 3. Bg2 d6 4. Nc3 e5 5. d3 f5 6. e4 Nf6 7. Nge2 O-O 8. O-O Nc6 9. Be3 h6 10. f3 g5 11. exf5 Bxf5 12. d4 Qe7 13. Re1 Rae8 14. Bf2 Nb4 15. dxe5 dxe5 16. Ne4 Bxe4 17. fxe4 Ng4 18. Rf1 Nxf2 19. Rxf2 Qc5 0-1


[Site "https://www.chess.com"]

[Event "Titled Tuesday Blitz August 3 2021"]
[White "Jeet, Jain"]
[Black "Terry, Renato"]
[WhiteFideId "5073022"]
[BlackFideId "3803457"]
[WhiteElo "2085"]
[BlackElo "2581"]
[Result "0-1"]
[Round "01"]
[TimeControl "180+1"]
[Date "2021.08.03"]
[WhiteClock "0:01:08"]
[BlackClock "0:01:50"]

1. e4 e6 2. d4 d5 3. Nc3 Nf6 4. e5 Nfd7 5. Nce2 c5 6. f4 cxd4 7. Nf3 Nc6 8. Nexd4 Bc5 9. c3 O-O 10. a3 Nxd4 11. cxd4 Bb6 12. Bd3 f5 13. g4 fxg4 14. Ng5 h6 15. Qxg4 hxg5 16. Qxe6+ Rf7 17. Bg6 Nxe5 18. Bxf7+ Nxf7 19. Qe3 g4 20. Bd2 Bf5 21. O-O Qf6 22. Bc3 Be4 23. Rad1 Nd6 24. f5 Nxf5 25. Qf4 Qg6 26. Rd2 Nh4 27. Rdd1 Nf3+ 28. Kf2 Rf8 29. Qg3 Nxd4+ 30. Ke1 Nf3+ 31. Ke2 Bd3+ 32. Rxd3 Qe4+ 33. Kd1 Qxd3+ 0-1


[Site "https://www.chess.com"]

[Event "Titled Tuesday Blitz August 3 2021"]
[White "Jovic, Stanoje"]
[Black "Zhigalko, Sergei"]
[WhiteFideId "905020"]
[BlackFideId "13502956"]
[WhiteElo "2286"]
[BlackElo "2662"]
[Result "0-1"]
[Round "01"]
[TimeControl "180+1"]
[Date "2021.08.03"]
[WhiteClock "0:00:11"]
[BlackClock "0:00:45"]

1. c4 e5 2. g3 Nf6 3. Bg2 c6 4. d4 exd4 5. Qxd4 Na6 6. Nf3 Bc5 7. Qe5+ Be7 8. O-O O-O 9. Nc3 Re8 10. Rd1 Nc5 11. Bf4 d6 12. Qe3 h6 13. h3 Bf8 14. Qd2 Nfe4 15. Nxe4 Nxe4 16. Qc2 Bf5 17. Nh4 Bh7 18. Qb3 Nc5 19. Qf3 g5 20. Qg4 Qc8 21. Qh5 gxf4 22. gxf4 Qe6 23. Bf3 Bg6 24. Nxg6 fxg6 25. Qh4 Qxc4 26. Kh1 Qf7 27. Rg1 Kh7 28. Rg2 Be7 29. Qg3 Rg8 30. Rag1 a5 31. e4 Raf8 32. f5 gxf5 33. Qf4 Rxg2 34. Rxg2 Nxe4 35. Bxe4 fxe4 36. Qxe4+ Kh8 37. f4 Rg8 38. Rxg8+ Kxg8 39. b3 Qd5 0-1


[Site "https://www.chess.com"]

[Event "Titled Tuesday Blitz August 3 2021"]
[White "Karacsonyi, Gellert"]
[Black "Zapata Arbelaez, Estiven"]
[WhiteFideId "764620"]
[BlackFideId "4406311"]
[WhiteElo "2192"]
[BlackElo "2067"]
[Result "1-0"]
[Round "01"]
[TimeControl "180+1"]
[Date "2021.08.03"]
[WhiteClock "0:00:40"]
[BlackClock "0:00:01"]

1. e4 e5 2. Nf3 Nc6 3. Bb5 a6 4. Bxc6 dxc6 5. O-O f6 6. d4 exd4 7. Nxd4 Bd6 8. Be3 Ne7 9. Nd2 O-O 10. Nc4 b5 11. Nxd6 cxd6 12. Qf3 Qc7 13. Rad1 d5 14. Bf4 Qb7 15. Rfe1 c5 16. Nb3 c4 17. Nc5 Qc6 18. exd5 Qxc5 19. d6 Nc6 20. d7 Bxd7 21. Rxd7 Rfe8 22. Red1 Ne5 23. Bxe5 Qxe5 24. h3 Rac8 25. Qb7 f5 26. R1d5 Qxb2 27. Rxf5 Rf8 28. Rdf7 Qb1+ 29. Kh2 Qa1 30. Rxf8+ Rxf8 31. Qd5+ 1-0


[Site "https://www.chess.com"]

[Event "Titled Tuesday Blitz August 3 2021"]
[White "Khodzhamkuliev, Bahadur"]
[Black "Pridorozhni, Aleksei"]
[WhiteFideId "24135046"]
[BlackFideId "4127870"]
[WhiteElo "2130"]
[BlackElo "2565"]
[Result "0-1"]
[Round "01"]
[TimeControl "180+1"]
[Date "2021.08.03"]
[WhiteClock "0:00:07"]
[BlackClock "0:01:27"]

1. Nf3 Nf6 2. d4 g6 3. Bg5 Bg7 4. c3 O-O 5. Nbd2 d6 6. e4 Nc6 7. Be2 e5 8. dxe5 dxe5 9. O-O h6 10. Bh4 Qe7 11. Qc2 g5 12. Bg3 Nh5 13. Rfe1 Nf4 14. Bf1 Be6 15. b4 a6 16. Nc4 Rfd8 17. Nfd2 Rd7 18. Ne3 Rad8 19. Rad1 h5 20. f3 h4 21. Bf2 Nd3 22. Bxd3 Rxd3 23. Nb3 Rxd1 24. Rxd1 Rxd1+ 25. Qxd1 b6 26. Qd3 a5 27. bxa5 Nxa5 28. Nxa5 bxa5 29. Qb5 Qa3 30. h3 Qxa2 31. Qb8+ Kh7 32. Qxc7 a4 33. Nf5 Bxf5 34. exf5 a3 35. f6 Bxf6 36. Qd6 Bg7 37. Qd3+ Kh6 38. Be3 f6 39. Qf5 Qa1+ 40. Kh2 Qxc3 41. Bxg5+ fxg5 42. Qe6+ Kh7 43. Qf5+ Kg8 44. Qe6+ Kf8 45. Qd6+ Kf7 46. Qd7+ Kg6 47. Qe6+ Bf6 48. Qg8+ Kh6 49. Qf8+ Bg7 50. Qf5 Qc6 51. Qb1 Qe6 52. Qa1 a2 53. Qc3 e4 54. Qa3 Be5+ 0-1


[Site "https://www.chess.com"]

[Event "Titled Tuesday Blitz August 3 2021"]
[White "Koridze, Lile"]
[Black "Mirzoev, Azer"]
[WhiteFideId "13612514"]
[BlackFideId "13400304"]
[WhiteElo "1978"]
[BlackElo "2525"]
[Result "0-1"]
[Round "01"]
[TimeControl "180+1"]
[Date "2021.08.03"]
[WhiteClock "0:00:08"]
[BlackClock "0:00:15"]

1. d4 d5 2. c4 e6 3. Nc3 Nf6 4. Nf3 a6 5. cxd5 exd5 6. Bg5 c6 7. e3 h6 8. Bh4 Bf5 9. Be2 Be7 10. O-O O-O 11. a3 Nbd7 12. b4 Re8 13. Bg3 Rc8 14. h3 b5 15. Ne5 Nb6 16. Bd3 Bxd3 17. Qxd3 Nc4 18. f4 a5 19. Rfb1 Qb6 20. Bf2 axb4 21. axb4 Ra8 22. Qd1 Rxa1 23. Rxa1 Bxb4 24. Qb3 Bxc3 25. Qxc3 Ne4 26. Qb3 f6 27. Ng4 Qc7 28. Ra6 Qd7 29. Be1 Ned6 30. Bf2 Nf5 31. Qa2 Qe6 32. Ra7 h5 33. Nh2 Nfxe3 34. Nf3 Nf5 35. Qa6 Re7 36. Ra8+ Kh7 37. Rc8 Nb6 38. Rd8 Nd7 39. Rc8 Qe4 40. Qxc6 b4 41. Qb5 Qxf4 42. Qxb4 Re2 43. Qc3 Qe4 44. Rd8 Nb6 45. Nd2 Qe6 46. Nf3 Nc4 47. Qd3 Qe4 48. Qxe4 dxe4 49. Ne1 e3 50. Bh4 Nxh4 51. Kf1 Rf2+ 52. Kg1 Re2 53. Kf1 Rd2 54. Nf3 Nxf3 55. gxf3 Rf2+ 56. Ke1 Nd2 57. d5 Nxf3+ 58. Kd1 e2+ 0-1


[Site "https://www.chess.com"]

[Event "Titled Tuesday Blitz August 3 2021"]
[White "Kovacsy, Barnabas"]
[Black "Mikhailovsky, Vladimir"]
[WhiteFideId "769290"]
[BlackFideId "34105414"]
[WhiteElo "1938"]
[BlackElo "2315"]
[Result "0-1"]
[Round "01"]
[TimeControl "180+1"]
[Date "2021.08.03"]
[WhiteClock "0:00:19"]
[BlackClock "0:00:10"]

1. e4 Nf6 2. e5 Nd5 3. d4 d6 4. Nf3 dxe5 5. Nxe5 c6 6. Bd3 Nd7 7. Nxd7 Bxd7 8. O-O g6 9. c3 Bg7 10. Re1 O-O 11. Bg5 Re8 12. Nd2 Qc7 13. Ne4 Bf5 14. Qd2 e5 15. dxe5 Bxe5 16. Ng3 Bxd3 17. Qxd3 Bf4 18. Bxf4 Nxf4 19. Qf3 Rad8 20. Ne4 Qe5 21. Kf1 Re6 22. Ng3 Qb5+ 23. Kg1 Rxe1+ 24. Rxe1 Ne6 25. Qf6 Re8 26. h4 Qxb2 27. h5 Qd2 28. Re2 Qd8 29. Qe5 Ng7 30. Qd4 Qxd4 31. Rxe8+ Nxe8 32. cxd4 Kf8 33. hxg6 hxg6 34. Kf1 Ke7 35. Ke2 Ke6 36. Kd3 Nd6 37. Ne2 b6 38. g3 g5 39. Nc3 f5 40. f3 b5 41. Ne2 a5 42. Nc3 b4 43. Na4 Kd5 44. Nb6+ Ke6 45. Na4 Nb5 46. Nc5+ Kd5 47. Nb7 a4 48. Nc5 b3 49. axb3 a3 50. b4 Nxd4 51. Kc3 Nxf3 52. Nd7 Ne5 53. Nf6+ Ke6 54. Ne8 f4 55. Ng7+ Kf6 56. Nh5+ Kf5 57. Ng7+ Kg4 58. Ne6 Nf3 59. gxf4 gxf4 60. Kb3 Ne5 61. Nxf4 Kxf4 62. Kxa3 Nc4+ 63. Kb3 Nd6 64. Ka4 Ke5 65. Ka5 Kd5 66. Kb6 Nc4+ 67. Kc7 Na3 68. Kb6 Nb5 69. Kb7 Nd4 70. Kb6 Kc4 71. Ka5 Ne6 72. Kb6 Nd8 73. Ka5 Kd5 74. Kb6 Ne6 75. b5 c5 76. Ka5 c4 77. b6 Nd8 78. Kb4 Kd4 79. Ka3 c3 80. Ka4 c2 81. b7 Nxb7 82. Kb5 c1=Q 83. Ka4 Qb1 84. Ka3 Kc3 85. Ka4 Nc5+ 86. Ka5 Nd3 87. Ka6 Qb4 88. Ka7 Qb5 89. Ka8 Nc5 90. Ka7 Qb7# 0-1


[Site "https://www.chess.com"]

[Event "Titled Tuesday Blitz August 3 2021"]
[White "Krzywda, Andrzej"]
[Black "Abdyzhapar, Asylbek"]
[WhiteFideId "1114565"]
[BlackFideId "13800337"]
[WhiteElo "2100"]
[BlackElo "2383"]
[Result "1-0"]
[Round "01"]
[TimeControl "180+1"]
[Date "2021.08.03"]
[WhiteClock "0:01:54"]
[BlackClock "0:01:10"]

1. e4 d6 2. d4 Nf6 3. Nc3 g6 4. h3 Bg7 5. g4 O-O 6. Be3 e5 7. Bg2 exd4 8. Bxd4 Nc6 9. Be3 Re8 10. Nge2 Ne5 11. b3 c6 12. O-O h5 13. g5 Nh7 14. f4 Nd7 15. Qxd6 Nhf8 16. Rad1 Ne6 17. h4 Qa5 18. Qd2 b5 19. f5 Nec5 20. Bd4 Bf8 21. fxg6 fxg6 22. Qf4 Re7 23. Bxc5 b4 24. Bxe7 Bxe7 25. Qf7+ Kh8 26. Qxe7 bxc3 27. Rf8+ Nxf8 28. Qxf8+ Kh7 29. Qe7+ Kg8 30. Rd8+ 1-0


[Site "https://www.chess.com"]

[Event "Titled Tuesday Blitz August 3 2021"]
[White "Kubatko, Ivan"]
[Black "Wei, Yi"]
[WhiteFideId "24111473"]
[BlackFideId "8603405"]
[WhiteElo "2285"]
[BlackElo "2686"]
[Result "1/2-1/2"]
[Round "01"]
[TimeControl "180+1"]
[Date "2021.08.03"]
[WhiteClock "0:00:03"]
[BlackClock "0:00:03"]

1. e4 c5 2. c3 Nf6 3. e5 Nd5 4. d4 cxd4 5. cxd4 d6 6. Nf3 Nc6 7. Bc4 Nb6 8. Bb5 dxe5 9. Nxe5 Bd7 10. Nxd7 Qxd7 11. Nc3 e6 12. Qg4 h5 13. Qe4 Rd8 14. Be3 Nd5 15. O-O a6 16. Ba4 b5 17. Bb3 Nf6 18. Qf3 Bd6 19. Rad1 Ng4 20. h3 Nh2 21. Qe4 Nxf1 22. Kxf1 Ne7 23. d5 e5 24. Bg5 f6 25. Be3 Qf5 26. Ke2 Kf7 27. g4 hxg4 28. hxg4 Qxe4 29. Nxe4 Nc8 30. Rc1 Rd7 31. Rc6 a5 32. Bc5 Bxc5 33. Rxc5 Nd6 34. Nxd6+ Rxd6 35. Rxb5 Ra8 36. Kd3 a4 37. Bc4 Ke7 38. Rb7+ Rd7 39. Rb6 Rc8 40. Re6+ Kd8 41. Ra6 Rb8 42. b3 axb3 43. axb3 Kc7 44. Ra7+ Rb7 45. Ra8 Rd8 46. Ra6 Rd6 47. Ra8 g6 48. Rg8 f5 49. g5 Kb6 50. Rf8 Kc5 51. Rc8+ Kb4 52. Re8 e4+ 53. Kd4 Rc7 54. Re6 Rxe6 55. dxe6 Ra7 56. Ke5 Kc5 57. Kf6 Kd6 58. Kxg6 Ke5 59. Kh6 f4 60. g6 Kf6 61. Kh5 Kf5 62. Kh6 Kf6 63. Kh5 e3 64. fxe3 fxe3 65. Kg4 Kxg6 66. Kf3 Kf6 67. Kxe3 Ke5 68. Kd3 Rc7 69. Kc3 Kd6 70. Kd4 Rh7 71. Ke4 Rh5 72. Kf4 Re5 73. Kf3 Rf5+ 74. Ke4 Re5+ 75. Kd4 Rh5 76. Ke4 Re5+ 77. Kf4 Rh5 78. Kg4 Re5 79. Kf4 Rh5 80. Kg4 Re5 81. Kf4 1/2-1/2


[Site "https://www.chess.com"]

[Event "Titled Tuesday Blitz August 3 2021"]
[White "Lammens, Tim"]
[Black "Andreikin, Dmitry"]
[WhiteFideId "1008803"]
[BlackFideId "4158814"]
[WhiteElo "2393"]
[BlackElo "2782"]
[Result "0-1"]
[Round "01"]
[TimeControl "180+1"]
[Date "2021.08.03"]
[WhiteClock "0:00:18"]
[BlackClock "0:02:23"]

1. e4 c5 2. Nf3 Nc6 3. d4 cxd4 4. Nxd4 e6 5. Nc3 a6 6. Nxc6 bxc6 7. Qf3 d5 8. Bd3 Nf6 9. Qg3 h5 10. Bg5 h4 11. Qf3 Be7 12. O-O-O Rb8 13. Rhe1 Qa5 14. Bxf6 Bxf6 15. e5 Bg5+ 0-1


[Site "https://www.chess.com"]

[Event "Titled Tuesday Blitz August 3 2021"]
[White "Le, Tuan Minh"]
[Black "Zhuravlev, Alexey"]
[WhiteFideId "12401153"]
[BlackFideId "4164199"]
[WhiteElo "2450"]
[BlackElo "2461"]
[Result "1-0"]
[Round "01"]
[TimeControl "180+1"]
[Date "2021.08.03"]
[WhiteClock "0:00:20"]
[BlackClock "0:00:07"]

1. d4 Nf6 2. Nf3 g6 3. Bg5 Bg7 4. Nbd2 d5 5. c3 O-O 6. e3 b6 7. Bd3 c5 8. O-O Nc6 9. h3 Bb7 10. Qe2 Re8 11. Rad1 Qc8 12. Bf4 Nd7 13. Rfe1 e5 14. dxe5 Ndxe5 15. Nxe5 Nxe5 16. Bb5 Re7 17. Nf1 a6 18. Ba4 Qc7 19. Nh2 Rd8 20. Bb3 Kh8 21. Bg5 f6 22. Bf4 Qc6 23. Nf3 Red7 24. Bc2 d4 25. Bxe5 fxe5 26. exd4 exd4 27. cxd4 cxd4 28. Bd3 Rf7 29. Rc1 Qf6 30. Nh2 h6 31. Rc2 Qh4 32. Qg4 Qxg4 33. Nxg4 Kh7 34. Re6 Rff8 35. Rc7 h5 36. Rxg6 hxg4 37. Rgxg7+ 1-0


[Site "https://www.chess.com"]

[Event "Titled Tuesday Blitz August 3 2021"]
[White "Leitao, Rafael"]
[Black "LEGENYA1998"]
[WhiteFideId "2101246"]
[WhiteElo "2609"]
[BlackElo "2386"]
[Result "1/2-1/2"]
[Round "01"]
[TimeControl "180+1"]
[Date "2021.08.03"]
[WhiteClock "0:00:18"]
[BlackClock "0:00:14"]

1. c4 Nf6 2. Nc3 d5 3. cxd5 Nxd5 4. g3 c5 5. Bg2 Nxc3 6. bxc3 g6 7. Nf3 Bg7 8. O-O Nc6 9. Rb1 O-O 10. c4 Qc7 11. d3 e5 12. Nd2 Be6 13. Ne4 b6 14. Nc3 Rad8 15. Nd5 Bxd5 16. cxd5 Nd4 17. e3 Nf5 18. Bb2 Rfe8 19. Qa4 Nd6 20. Rfc1 Qb7 21. Bc3 f5 22. Qc2 e4 23. Bxg7 Qxg7 24. Rd1 exd3 25. Rxd3 Re7 26. a4 Ne4 27. Rbd1 Qe5 28. d6 Red7 29. Bxe4 fxe4 30. Rd5 Qe6 31. Qd2 Re8 32. a5 Red8 33. axb6 axb6 34. h4 h5 35. Kg2 Kh7 36. Qa2 Qf6 37. Qe2 Rxd6 38. Rxd6 Rxd6 39. Rb1 Qe5 40. Rb2 Qd5 41. Ra2 Qd3 42. Qb2 Qd1 43. Ra8 Rd8 44. Ra7+ Rd7 45. Ra8 Rd8 46. Ra7+ Rd7 47. Ra8 Rd8 1/2-1/2


[Site "https://www.chess.com"]

[Event "Titled Tuesday Blitz August 3 2021"]
[White "Lintchevski, Daniil"]
[Black "Trakru, Rohun"]
[WhiteFideId "4171055"]
[BlackFideId "2097613"]
[WhiteElo "2505"]
[BlackElo "1746"]
[Result "1/2-1/2"]
[Round "01"]
[TimeControl "180+1"]
[Date "2021.08.03"]
[WhiteClock "0:00:43"]
[BlackClock "0:00:04"]

1. e4 c6 2. d4 d5 3. Nd2 dxe4 4. Nxe4 Nf6 5. Nxf6+ exf6 6. Bc4 Bd6 7. Qe2+ Qe7 8. Qxe7+ Kxe7 9. Ne2 Be6 10. Bd3 Nd7 11. c4 Nf8 12. Bf4 Ng6 13. Bxd6+ Kxd6 14. O-O-O Rad8 15. g3 Rhe8 16. Nc3 Bg4 17. Rde1 Bf3 18. Rhg1 Kc7 19. Rxe8 Rxe8 20. Kd2 Nf8 21. g4 Ne6 22. Rg3 Nxd4 23. c5 Bd5 24. g5 Nf3+ 25. Kc2 Nxg5 26. f4 Ne6 27. f5 Ng5 28. h4 Ne4 29. Rxg7 Nxc3 30. Kxc3 Re1 31. Rxh7 Rc1+ 32. Kd4 Bxa2 33. Be4 b6 34. cxb6+ axb6 35. h5 Kd6 36. h6 Bb1 37. Bxb1 Rxb1 38. Rxf7 Rxb2 39. Rxf6+ Ke7 40. Rxc6 Kf7 41. Ke5 Re2+ 42. Kf4 b5 43. Rc7+ Kf6 44. Rc6+ Kf7 45. Rb6 Rb2 46. Rb8 Rh2 47. Rb7+ Kf6 48. Rb6+ Kf7 49. Kg3 Rh1 50. Kg4 Rg1+ 51. Kf4 Rf1+ 52. Ke4 Re1+ 53. Kf3 Rf1+ 54. Kg4 Rg1+ 55. Kh3 Rh1+ 56. Kg3 Rg1+ 57. Kf2 Rh1 58. Ke3 Rh4 59. Kf3 Rh1 60. Rxb5 Rxh6 61. Rb7+ Kf8 62. Kg4 Rc6 63. Rd7 Rb6 64. Kg5 Ra6 65. Rb7 Rc6 66. Ra7 Rd6 67. Ra8+ Kf7 68. Rh8 Rb6 69. Rh7+ Kf8 70. Rc7 Ra6 71. Kf4 Rb6 72. Ke5 Ra6 73. Rb7 Rc6 74. Ra7 Rb6 75. Rd7 Ra6 76. Kf4 Rb6 77. Kg5 Ra6 78. Rd5 Rb6 79. Ra5 Rc6 80. f6 Rc1 81. Kg6 Rg1+ 82. Kf5 Rf1+ 83. Ke6 Re1+ 84. Re5 Rxe5+ 85. Kxe5 Kf7 86. Kf5 Kf8 87. Kg5 Kf7 88. Kf5 Kf8 89. Ke6 Ke8 90. Ke5 Kf8 91. Kf5 Kf7 92. Kg5 Kf8 93. Kg6 Kg8 94. f7+ Kf8 95. Kh7 Kxf7 1/2-1/2


[Site "https://www.chess.com"]

[Event "Titled Tuesday Blitz August 3 2021"]
[White "Ljukin, Sergei"]
[Black "Indjic, Aleksandar"]
[WhiteFideId "14102200"]
[BlackFideId "911925"]
[WhiteElo "2309"]
[BlackElo "2643"]
[Result "0-1"]
[Round "01"]
[TimeControl "180+1"]
[Date "2021.08.03"]
[WhiteClock "0:00:07"]
[BlackClock "0:00:30"]

1. e4 c5 2. Nf3 Nc6 3. d4 cxd4 4. Nxd4 Nf6 5. Nc3 e6 6. Nxc6 bxc6 7. e5 Nd5 8. Ne4 f5 9. exf6 Nxf6 10. Nd6+ Bxd6 11. Qxd6 Qb6 12. Bd3 Ba6 13. O-O Bxd3 14. Qxd3 O-O 15. Re1 Rf7 16. b3 Nd5 17. Be3 Qc7 18. c4 Nxe3 19. Rxe3 Raf8 20. f3 a5 21. Rd1 h6 22. Qd2 Qa7 23. Kh1 a4 24. Rd3 axb3 25. axb3 d5 26. Re1 Rf6 27. h3 Qb6 28. Rde3 Re8 29. Qe2 Qb4 30. Qd3 Qc5 31. Qe2 Qb6 32. Qd3 d4 33. Re5 c5 34. Qe4 Kf7 35. f4 g6 36. g4 Re7 37. f5 Qxb3 38. Kg2 Qxc4 39. Re2 Qc3 40. Rxe6 Rfxe6 41. fxe6+ Kg7 42. Qe5+ Kh7 43. Qf6 Rg7 44. e7 d3 45. e8=Q Qxf6 0-1


[Site "https://www.chess.com"]